 Dungeon Crawl Stone Soup version 0.18.1-48-g4cf74bf (webtiles) character file.

202 Joat the Insei (level 5, 0/40 HPs)
             Began as a Demigod Transmuter on Aug 21, 2016.
             Slain by an adder (4 damage)
             ... on level 3 of the Dungeon.
             The game lasted 00:10:13 (2486 turns).

Joat the Insei (Demigod Transmuter)                 Turns: 2486, Time: 00:10:14

Health: 0/40       AC:  2    Str: 13    XL:     5   Next: 25%
Magic:  8/11       EV: 21    Int: 19    God:
Gold:   197        SH:  0    Dex: 21    Spells: 2 memorised, 4 levels left

rFire  . . .     SeeInvis .       - Unarmed
rCold  . . .     Gourm    .     (armour currently unavailable)
rNeg   . . .     Faith    .     (shield currently unavailable)
rPois  x         Spirit   .     (helmet currently unavailable)
rElec  .         Dismiss  .     (cloak currently unavailable)
rCorr  .         Reflect  .     (gloves currently unavailable)
SustAt +         Harm     .     (boots currently unavailable)
MR     .....                    (no amulet)
Stlth  ++........               (no ring)
                                (no ring)

@: spider-form (expiring), slowed, very slow, not resistant to hostile
enchantments, unstealthy
A: high mp 1, sustain attributes
a: End Transformation


You were on level 3 of the Dungeon.
You were not hungry.
You were a venomous arachnid creature.
You visited 1 branch of the dungeon, and saw 3 of its levels.

You collected 197 gold pieces.

Inventory:

Hand Weapons
 f - a +0 dagger of venom
 r - a +1 flail of protection (melded)
Missiles
 a - 29 arrows
 s - 7 tomahawks of returning (quivered)
Armour
 b - a +0 robe (melded)
 x - a +0 pair of gloves (melded)
Scrolls
 e - a scroll of immolation {unknown}
 g - a scroll of fog {unknown}
 i - a scroll of blinking {unknown}
 l - a scroll of amnesia {unknown}
 n - a scroll of random uselessness {unknown}
 o - 2 scrolls of recharging {unknown}
 q - 2 scrolls of identify {unknown}
 v - a scroll of enchant weapon {unknown}
 y - a scroll of remove curse {unknown}
Potions
 h - a potion of haste {unknown}
 j - 3 potions of curing {unknown}
 m - a potion of resistance {unknown}
 t - 2 potions of degeneration {unknown}
 u - a potion of heal wounds {unknown}
 w - a potion of agility {unknown}
Books
 c - a book of Changes

   Spells                             Type                      Level
   a - Beastly Appendage              Transmutation                1
   b - Sticks to Snakes               Transmutation                2
   c - Spider Form                    Transmutation/Poison         3
   d - Ice Form                       Ice/Transmutation            4
   e - Blade Hands                    Transmutation                5
Comestibles
 d - 2 bread rations
 k - a beef jerky
 p - a royal jelly
 z - 2 chunks of flesh


   Skills:
 + Level 1.3 Fighting
 + Level 2.8 Dodging
 + Level 3.2 Unarmed Combat
 + Level 2.4 Spellcasting
 - Level 2.8 Transmutations
 + Level 2.1 Poison Magic


You had 4 spell levels left.
You knew the following spells:

 Your Spells              Type           Power        Failure   Level  Hunger
a - Beastly Appendage     Trmt           ##....       21%         1    #......
b - Spider Form           Trmt/Pois      ##........   36%         3    ###....


Dungeon Overview and Level Annotations

Branches:
Dungeon (3/15)


Innate Abilities, Weirdness & Mutations

You have an increased reservoir of magic (+10% MP).
Your attributes are resistant to harm.


Message History

You bite the orc wizard!
The orc wizard is poisoned.
The orc wizard is severely wounded.
You kill the orc wizard!
The orc hits you with a dagger. The orc completely misses you.
The orc hits you with a dagger.
* * * LOW HITPOINT WARNING * * *
An adder comes into view.
You hit the orc.
You kill the orc!
The orc barely misses you.
You hit the orc.
The orc is severely wounded.
The orc misses you.
You hit the orc.
The orc is severely wounded.
The orc misses you. The orc hits you with a dagger.
* * * LOW HITPOINT WARNING * * *
Your transformation is almost over.
The adder bites you.
You die...

######## #. .......# ...
#### ######.# #.. ...
#.# ..####.### #.#
#.##.....## #.#
#.#.......# #.#
#.#o.)....#
###.#######..sS._.....
##........##.#.......#.
##......##./..#.......#
##.......##.##.##.....##
..............[####.###
##.......##.#.........
##..##.###.#.....#####
##.............##
#.....######.###


You could see an adder and an orc.

Vanquished Creatures
  An orc priest (D:3)
  An orc wizard (D:3)
  3 gnolls
  2 adders (D:3)
  An ooze (D:1)
  2 worms
  4 dart slugs
  2 giant geckos
  10 orcs (D:3)
  5 giant cockroaches
  7 goblins
  7 hobgoblins
  4 jackals (D:1)
  5 kobolds
  2 ball pythons
  5 bats
  A giant newt (D:1)
  7 rats
69 creatures vanquished.

Notes
Turn   | Place    | Note
--------------------------------------------------------------
     0 | D:1      | Joat the Demigod Transmuter began the quest for the Orb.
     0 | D:1      | Reached XP level 1. HP: 15/15 MP: 5/5
    48 | D:1      | Reached skill level 3 in Unarmed Combat
    97 | D:1      | Reached XP level 2. HP: 14/22 MP: 7/7
   416 | D:1      | Reached XP level 3. HP: 11/27 MP: 8/8
   439 | D:1      | HP: 1/27 [hobgoblin/club (4)]
   733 | D:1      | Learned a level 3 spell: Spider Form
  1071 | D:2      | Reached skill level 1 in Poison Magic
  1119 | D:2      | Found a burning altar of Makhleb.
  1348 | D:2      | Reached XP level 4. HP: 27/34 MP: 5/9
  1623 | D:2      | Found a radiant altar of Vehumet.
  1630 | D:2      | Found a snail-covered altar of Cheibriados.
  1864 | D:3      | Found a stormy altar of Qazlal.
  2109 | D:3      | Reached skill level 1 in Fighting
  2474 | D:3      | Found a deep blue altar of Sif Muna.
  2481 | D:3      | Reached XP level 5. HP: 16/40 MP: 7/11
  2486 | D:3      | Slain by an adder

Skill      XL: |  1  2  3  4 |
---------------+-------------+-----
Unarmed Combat | 3 |  3.2
Transmutations | 2 |  2.8
Poison Magic   | 1 2 |  2.1
Dodging        | 2 |  2.8
Spellcasting   | 2 |  2.4
Fighting       | 1 |  1.3

Action                   |  1- 3 |  4- 6 || total
-------------------------+-------+-------++-------
Melee: Unarmed           |    27 |    23 ||    50
       Dagger            |    88 |       ||    88
       Flail             |     4 |    81 ||    85
 Cast: Spider Form       |     2 |     2 ||     4
 Stab: Sleeping          |     6 |     2 ||     8
  Eat: Chunk             |     2 |     4 ||     6
Armor: Robe              |    21 |    31 ||    52
       Skin              |       |     2 ||     2
Dodge: Dodged            |   107 |   107 ||   214
